 Dungeon Crawl Stone Soup version 0.26-a0-40-gfe7b5d5a6f (webtiles) character file.

Game seed: 9328600797919912830, levelgen mode: deterministic

254451 Maedhros the Martial Artist (level 19, -10/170 HPs)
             Began as an Octopode Artificer on May 31, 2020.
             Was an Elder of Cheibriados.
             Mangled by a death knight
             ... wielding a +2 vorpal halberd
              (18 damage)
             ... on level 2 of the Crypt.
             The game lasted 01:54:02 (11250 turns).

Maedhros the Martial Artist (Octopode Artificer)   Turns: 11250, Time: 01:54:03

Health: -10/170    AC: 29    Str: 13    XL:     19   Next: 75%
Magic:  49/49      EV: 30    Int: 34    God:    Cheibriados [****..]
Gold:   5752       SH: 18    Dex: 44    Spells: 2/35 levels left

rFire    . . .     SeeInvis +     - Unarmed
rCold    + . .     Gourm    .   Y - +4 kite shield {reflect}
rNeg     + + +     Faith    .   (helmet restricted)
rPois    ∞         Spirit   .   m - amulet of regeneration
rElec    +         Reflect  +   k - ring of see invisible
rCorr    .         Harm     .   u - ring of Eternity {MR+ Str-2 Int+4 Dex+4}
MR       +++..     Clarity  +   j - ring "Suoluew" {rElec rPois rN++ Str-4 Int+6}
Stlth    ++........             A - ring of Cireq {Wiz MR+}
HPRegen  0.78/turn              J - ring of protection from cold
MPRegen  0.31/turn              H - ring of the Rabble {rElec MP+9 Str-3 Int+2 Dex+6}
                                e - +6 ring of dexterity
                                S - ring of magical power

@: mighty, statue-form (expiring), vulnerable, glowing, silenced, very slow
A: almost no armour, stealthy swim, amphibious, 8 rings, constrict 8, camouflage
1, clarity, dopey 1, magic resistance 3, strong 1
}: 2/15 runes: barnacled, gossamer
a: End Transformation, Renounce Religion


You were on level 2 of the Crypt.
You worshipped Cheibriados.
Cheibriados was greatly pleased with you.
You were hungry.
You were a stone statue.
You visited 8 branches of the dungeon, and saw 38 of its levels.
You visited 1 bazaar.

You collected 6573 gold pieces.
You spent 821 gold pieces at shops.

Inventory:

Missiles
 d - 22 silver javelins (quivered)
 E - 8 throwing nets
 T - 13 curare-tipped darts
Armour
 N - a +0 buckler of fire resistance
 Y - a +4 kite shield of reflection (worn)
Magical Staves
 n - an uncursed staff of wizardry
Jewellery
 a - an uncursed ring of flight
 e - a +6 ring of dexterity (on tentacle)
 j - the ring "Suoluew" (on tentacle) {rElec rPois rN++ Str-4 Int+6}
   (You acquired it on level 9 of the Dungeon)

   [ring of intelligence]

   It affects your strength (-4).
   It affects your intelligence (+6).
   It insulates you from electricity.
   It protects you from poison.
   It greatly protects you from negative energy.
 k - a ring of see invisible (left tentacle)
 m - an amulet of regeneration (around mantle)
 u - the ring of Eternity (right tentacle) {MR+ Str-2 Int+4 Dex+4}
   (You acquired it on level 9 of the Dungeon)

   [ring of intelligence]

   It affects your strength (-2).
   It affects your intelligence (+4).
   It affects your dexterity (+4).
   It affects your resistance to hostile enchantments.
 A - the ring of Cireq (on tentacle) {Wiz MR+}
   (You acquired it on level 3 of the Elven Halls)

   [ring of wizardry]

   It improves your spell success rate.
   It affects your resistance to hostile enchantments.
 D - the amulet "Filid" {RegenMP Dex+4 Slay+3}
   (You took it off a deep elf death mage on level 3 of the Elven Halls)

   [amulet of magic regeneration]

   It increases your magic regeneration.
   It affects your dexterity (+4).
   It affects your accuracy and damage with ranged weapons and melee attacks
   (+3).
 H - the ring of the Rabble (on tentacle) {rElec MP+9 Str-3 Int+2 Dex+6}
   (You found it on level 2 of the Crypt)

   [ring of magical power]

   It affects your strength (-3).
   It affects your intelligence (+2).
   It affects your dexterity (+6).
   It insulates you from electricity.
   It affects your magic capacity (+9).
 J - a ring of protection from cold (on tentacle)
 S - a ring of magical power (on tentacle)
Wands
 b - a wand of acid (6)
 w - a wand of paralysis (12)
 B - a wand of digging (1)
 F - a wand of polymorph (7)
 G - a wand of iceblast (31)
 X - a wand of enslavement (10)
Scrolls
 h - 4 scrolls of immolation
 i - 2 scrolls of fog
 p - a scroll of fear
 q - 2 scrolls of amnesia
 t - 3 scrolls of remove curse
 I - a scroll of magic mapping
 K - 2 scrolls of vulnerability
 R - a scroll of enchant weapon
 U - 6 scrolls of identify
 V - 2 scrolls of teleportation
 Z - 2 scrolls of blinking
Potions
 g - 5 potions of curing
 o - 4 potions of ambrosia
 s - 4 potions of stabbing
 v - 2 potions of might
 x - a potion of lignification
 z - 4 potions of magic
 L - a potion of resistance
 M - 5 potions of flight
 P - a potion of mutation
 Q - a potion of invisibility
Miscellaneous
 c - 3 boxes of beasts
 l - a phial of floods
 r - 4 phantom mirrors
 y - a tin of tremorstones (3/3)
 W - a lightning rod (4/4)
Comestibles
 f - 14 rations


   Skills:
 + Level 12.0 Fighting
   Level 1.0 Short Blades
 * Level 5.4 Throwing
 + Level 12.5 Dodging
 - Level 4.0 Stealth
 + Level 9.8 Shields
 + Level 13.6 Unarmed Combat
 - Level 8.5 Spellcasting
 * Level 10.3 Summonings
 - Level 4.0 Translocations
 - Level 13.1 Transmutations
 - Level 13.1 Earth Magic
 * Level 11.7 Invocations
 - Level 3.2 Evocations


You had 2 spell levels left.
You knew the following spells:

 Your Spells              Type           Power        Failure   Level  Hunger
a - Statue Form           Tmut/Erth      #######..    1%          6    #####..
b - Song of Slaying       Chrm           ##......     3%          2    None
c - Petrify               Tmut/Erth      #######.     1%          4    None
d - Lesser Beckoning      Tloc           #####.....   1%          3    None
e - Apportation           Tloc           #####.       1%          1    None
f - Irradiate             Conj/Tmut      ######....   4%          5    ###....
g - Dragon's Call         Summ           ######....   100%        9    #######
h - Portal Projectile     Hex/Tloc       ####..       3%          3    None

Your spell library contained the following spells:

 Spells                   Type           Power        Failure   Level  Hunger
 Summon Small Mammal      Summ           ####         1%          1    None
 Blink                    Tloc           N/A          1%          2    None
 Call Imp                 Summ           ######..     1%          2    None
 Shroud of Golubria       Chrm/Tloc      ####..       1%          2    None
 Animate Skeleton         Necr           N/A          2%          1    None
 Corona                   Hex            ##.....      2%          1    None
 Foxfire                  Conj/Fire      ##..         2%          1    None
 Freeze                   Ice            ##..         2%          1    None
 Infusion                 Chrm           ##..         2%          1    None
 Magic Dart               Conj           ##..         2%          1    None
 Shock                    Conj/Air       ##..         2%          1    None
 Corpse Rot               Necr/Air       N/A          3%          2    None
 Poisonous Vapours        Pois/Air       ##....       3%          2    None
 Searing Ray              Conj           ##....       3%          2    None
 Slow                     Hex            ##......     3%          2    None
 Sublimation of Blood     Necr           ##........   3%          2    None
 Swiftness                Chrm/Air       ##......     3%          2    None
 Gell's Gravitas          Tloc           #####.....   1%          3    None
 Ignite Poison            Fire/Tmut/Pois #####...     1%          3    None
 Ice Form                 Ice/Tmut       ######..     1%          4    None
 Summon Demon             Summ           ######....   1%          5    ###....
 Hydra Form               Tmut           #######...   1%          6    #####..
 Summon Ice Beast         Ice/Summ       #####...     2%          4    None
 Summon Lightning Spire   Summ/Air       #####...     2%          4    None
 Passage of Golubria      Tloc           N/A          4%          4    None
 Alistair's Intoxication  Tmut/Pois      ######..     4%          5    ###....
 Yara's Violent Unravell  Hex/Tmut       ######....   4%          5    ###....
 Confusing Touch          Hex            ##......     8%          3    None
 Conjure Flame            Conj/Fire      ##......     8%          3    None
 Dazzling Flash           Conj/Hex       ##....       8%          3    None
 Frozen Ramparts          Ice            ##....       8%          3    None
 Inner Flame              Hex/Fire       ##......     8%          3    None
 Mephitic Cloud           Conj/Pois/Air  ##......     8%          3    None
 Ozocubu's Armour         Chrm/Ice       ##......     8%          3    None
 Spectral Weapon          Hex/Chrm       ##......     8%          3    None
 Static Discharge         Conj/Air       ##......     8%          3    None
 Dragon Form              Tmut           #######...   9%          7    ######.
 Iskenderun's Mystic Bla  Conj/Tloc      ####....     11%         4    None
 Airstrike                Air            ##........   24%         4    None
 Dispel Undead            Necr           ##......     24%         4    None
 Fulminant Prism          Conj/Hex       ##........   24%         4    None
 Hailstorm                Conj/Ice       ##......     24%         4    None
 Sticky Flame             Conj/Fire      ##......     24%         4    None
 Eringya's Noxious Bog    Tmut/Pois      ######....   24%         6    #####..
 Agony                    Necr           ##......     52%         5    ###....
 Excruciating Wounds      Chrm/Necr      ##........   52%         5    ###....
 Fireball                 Conj/Fire      ##........   52%         5    ###....
 Lightning Bolt           Conj/Air       ##........   52%         5    ###....
 Metabolic Englaciation   Hex/Ice        ##........   52%         5    ###....
 Silence                  Hex/Air        ##........   52%         5    ###....
 Spellforged Servitor     Conj/Summ      #####.....   91%         7    ######.
 Freezing Cloud           Conj/Ice/Air   ##........   97%         6    #####..
 Ozocubu's Refrigeration  Ice            ##........   97%         6    #####..
 Simulacrum               Ice/Necr       ##........   97%         6    #####..
 Ring of Flames           Chrm/Fire      ##........   100%        7    ######.
 Chain Lightning          Conj/Air       ##........   100%        8    #######
 Lehudib's Crystal Spear  Conj/Erth      ######....   100%        8    #######
 Absolute Zero            Ice            ##........   100%        9    #######
 Fire Storm               Conj/Fire      ##........   100%        9    #######


Dungeon Overview and Level Annotations

Branches:
Dungeon (13/15)            Temple (0/1) D:7            Lair (6/6) D:8
 Shoals (4/4) Lair:2       Spider (4/4) Lair:3        Slime (0/5) Lair:6
    Orc (2/2) D:9             Elf (3/3) Orc:2        Vaults (3/5) D:13
  Crypt (3/3) Vaults:3       Tomb (0/3) Crypt:3

Altars:
Cheibriados
Elyvilon
Gozag
Makhleb
Ru
Sif Muna
Trog
Wu Jian
Xom
Yredelemnul
Beogh
Jiyva

Shops:
Orc:2 [*(=   Elf:1 (

Annotations:
D:7 2 transporters
Crypt:2 Mennas


Innate Abilities, Weirdness & Mutations

You cannot wear most types of armour.
You are very stealthy in the water. (Stealth+)
You are amphibious.
You can wear up to eight rings at the same time.
You can use your tentacles to constrict eight enemies at once.
Your skin changes colour to match your surroundings (Stealth+).
((Your rubbery body absorbs attacks. (AC +1, EV +1)))
((You are mostly covered in icy blue scales. (AC +3)))
You possess an exceptional clarity of mind.
You are dopey. (Int -2)
You are extremely resistant to the effects of hostile enchantments. (MR+++)
Your muscles are strong. (Str +2)


Message History

You block the phantasmal warrior's attack.
The death knight hits you but does no damage.
Mennas hits you with a +5 sacred scourge of holy wrath.
* * * LOW HITPOINT WARNING * * *
You block Mennas's attack. You block the wight's attack.
You block the eidolon's attack.
The eidolon hits you but does no damage.
The phantasmal warrior hits you!
* * * LOW HITPOINT WARNING * * *
A wight comes into view. It is wielding a +3 flail.
Unknown command.
Okay, then.
Evoke which item? (* to show all) (? for menu, Esc to quit)
Okay, then.
You batter Mennas!! Mennas blocks your attack. x2
Mennas is almost dead.
You constrict Mennas. You block Mennas's attack. x2
The death knight hits you from afar with a +2 vorpal halberd!!
You die...
Xom bursts into laughter!

.....#.......#
.....#.......#
.....#.......#
###
.............
... ...........
## ###
.........##..##
#..
.......>.......
..#
..).....W###...
. .......A8#
.......Wz#
........p)°.....
###....)#Z......
##.....)......
#............
#..#.........
##.#z#.......
.... .......


You could see Mennas (silencing), a death knight, an eidolon, a phantasmal
warrior, 2 wights and an iron troll skeleton.

Vanquished Creatures
  Mara (Elf:3)
  A curse toe (Crypt:3)
  A bone dragon (Crypt:3)
  2 liches (Crypt:3)
  Rupert (Spider:1)
  A deep elf blademaster (Elf:3)
  3 ancient champions (Crypt:3)
  5 deep elf sorcerers (Elf:3)
  A revenant (Crypt:2)
  Donald (Shoals:3)
  6 emperor scorpions (Spider:4)
  3 orc warlords
  3 ghost moths
  An ironheart preserver (Vaults:1)
  3 deep elf elementalists (Elf:3)
  2 ghouls
  A curse skull (Crypt:3)
  2 entropy weavers
  3 vampire knights (Crypt:3)
  6 deep elf demonologists (Elf:3)
  2 spark wasps (Spider:3)
  2 deep elf annihilators (Elf:3)
  Josephine (Orc:1)
  3 merfolk javelineers (Shoals:4)
  6 deep elf death magi (Elf:3)
  An eidolon (Crypt:3)
  2 jiangshi (Crypt:3)
  4 merfolk impalers
  A yaktaur captain (Vaults:3)
  2 deep elf high priests (Elf:3)
  Harold (D:7)
  8 vault guards (D:13)
  2 great orbs of eyes (Vaults:3)
  3 hydras
  3 centaur warriors
  2 death knights (Vaults:3)
  A catoblepas (Lair:6)
  2 ogre magi
  3 death yaks (Lair:6)
  24 dancing weapons
  A deep troll shaman (Lair:6)
  5 two-headed ogres
  2 merfolk aquamancers (Shoals:4)
  2 satyrs (Shoals:4)
  A vampire mage (Crypt:3)
  10 orc high priests
  5 deep elf knights
  Sonja (Orc:1)
  A glowing orange brain (Vaults:3)
  11 skeletal warriors
  5 sea snakes
  A flayed ghost (Crypt:3)
  10 deep elf archers
  A lindwurm (Lair:6)
  8 phantasmal warriors
  12 orc knights
  15 orb spiders
  11 fauns
  5 harpies (Shoals:4)
  24 wolf spiders
  6 orc sorcerers (Orc:2)
  4 cyclopes
  30 deep elf magi
  2 manticores
  5 ugly things
  A moth of wrath (Spider:4)
  A faun (shapeshifter) (Elf:3)
  A stone giant skeleton (Crypt:3)
  A shock serpent zombie (Crypt:3)
  8 elephants (Lair:6)
  A dire elephant zombie (Crypt:3)
  Maggie (D:7)
  6 merfolk sirens
  A spiny frog (shapeshifter) (Elf:3)
  3 black mambas
  A centaur skeleton (D:12)
  5 spiny frogs
  3 water nymphs
  8 rime drakes (Lair:3)
  4 komodo dragons
  4 yaktaurs (Vaults:3)
  A freezing wraith (Crypt:2)
  11 demonic crawlers
  A red draconian skeleton (Crypt:2)
  A harpy zombie (Crypt:3)
  32 jumping spiders
  A guardian mummy (Crypt:3)
  A purple draconian skeleton (Crypt:2)
  5 trolls (Orc:2)
  2 polar bears (Lair:6)
  Prince Ribbit (D:6)
  16 merfolk
  A hornet (Vaults:3)
  Grinder (D:5)
  3 wind drakes
  A hydra skeleton (Crypt:2)
  3 dream sheep (Shoals:4)
  19 blink frogs
  3 hippogriffs
  5 snapping turtles
  A guardian serpent skeleton (Crypt:3)
  31 tarantellas
  55 redbacks
  3 water elementals
  2 wyverns
  A satyr skeleton (Crypt:3)
  Sigmund (D:5)
  6 wraiths
  A fire elemental (Elf:3)
  22 yaks
  A basilisk (Lair:5)
  Menkaure (D:6)
  11 steam dragons (Lair:3)
  4 wargs
  8 porcupines
  A merfolk skeleton (Crypt:3)
  8 water moccasins
  A black bear (Lair:6)
  2 ice beasts
  40 orc warriors
  2 sky beasts
  A spiny frog skeleton (Crypt:3)
  2 phantoms
  A necrophage (D:10)
  7 centaurs
  7 wolves (Lair:6)
  15 ogres
  8 crocodiles
  16 bullfrogs
  An elf skeleton (Crypt:2)
  2 scorpions
  5 killer bees (D:11)
  3 wights (Crypt:2)
  3 electric eels
  4 crimson imps
  A centaur zombie (D:10)
  A bullfrog zombie (D:7)
  A quasit (D:8)
  A jelly (D:8)
  24 orc priests
  3 hounds
  2 iguanas
  Natasha (D:3)
  21 orc wizards
  4 hell rats (Lair:5)
  4 worker ants
  12 mummies (Crypt:3)
  A howler monkey zombie (D:7)
  3 gnolls (D:5)
  3 adders
  4 shadow imps
  An adder skeleton (D:10)
  A worm (D:4)
  A dart slug (D:1)
  3 leopard geckos
  57 orcs
  4 giant cockroaches
  9 hobgoblins
  13 jackals
  A quokka (D:2)
  4 bats
  5 frilled lizards
  7 goblins
  6 kobolds
  6 rats
  2 crawling corpses (Elf:3)
  5 plants (Shoals:4)
943 creatures vanquished.

Vanquished Creatures (collateral kills)
  An orc priest (D:4)
  An adder (D:2)
  2 orcs (D:4)
  A bat (D:2)
  A goblin (D:2)
6 creatures vanquished.

Vanquished Creatures (others)
  A deep elf sorcerer (Elf:3)
  2 deep elf elementalists (Elf:3)
  A deep elf annihilator (Elf:3)
  A wind drake (Shoals:4)
  An orc warrior (Orc:1)
  A centaur (Shoals:4)
  An adder (D:2)
  4 orcs (D:9)
  36 fungi
  58 plants
106 creatures vanquished.

Grand Total: 1055 creatures vanquished

Notes
Turn   | Place    | Note
-------+----------+-------------------------------------------
     0 | D:1      | Maedhros the Octopode Artificer began the quest for the
                  | Orb.
     0 | D:1      | Reached XP level 1. HP: 13/13 MP: 3/3
     0 | D:1      | playing turncount speedruns is pure pai
     0 | D:1      | n
   107 | D:2      | Found an ornate altar of the Wu Jian Council.
   155 | D:2      | Found a faded altar of an unknown god.
   177 | D:2      | Reached XP level 2. HP: 18/18 MP: 4/4
   211 | D:2      | You fall into a shaft and drop 2 floors!
   341 | D:4      | Reached skill level 1 in Unarmed Combat
   341 | D:4      | Reached XP level 3. HP: 15/23 MP: 5/5
   342 | D:4      | Reached XP level 4. HP: 18/28 MP: 6/6
   433 | D:4      | Found a snail-covered altar of Cheibriados.
   434 | D:4      | Found a white marble altar of Elyvilon.
   434 | D:4      | Found a shimmering altar of Xom.
   436 | D:4      | Found a basalt altar of Yredelemnul.
   456 | D:4      | Became a worshipper of Xom of Chaos
   459 | D:4      | Fell from the grace of Xom
   459 | D:4      | Became a worshipper of Cheibriados the Contemplative
   597 | D:2      | Reached XP level 5. HP: 27/33 MP: 7/7
   680 | D:2      | yay, 730 and chei with regen amulet!
   708 | D:1      | and buckler
   735 | D:1      | XOM: summons 3 hostile demons
   736 | D:1      | and 3 deadly small demons from xom x
   844 | D:1      | XOM: polymorph kobold -> leopard gecko
   932 | D:2      | XOM: give mutation
   932 | D:2      | Gained mutation: One of your tentacles bears a spike.
                  | [Xom's mischief]
   985 | D:1      | spike tentacle mut, nice
  1048 | D:2      | XOM: summons 2 hostile demons
  1070 | D:2      | Reached * piety under Cheibriados
  1099 | D:2      | Found a bloodstained altar of Trog.
  1143 | D:3      | XOM: 2-stop teleportation journey
  1183 | D:3      | XOM: 6-stop teleportation journey
  1189 | D:3      | Found a sacrificial altar of Ru.
  1329 | D:3      | XOM: give mutations
  1329 | D:3      | Gained mutation: You are resistant to hostile enchantments.
                  | (MR+) [Xom's mischief]
  1329 | D:3      | Gained mutation: You are dopey. (Int -2) [Xom's mischief]
  1329 | D:3      | Gained mutation: Your muscles are strong. (Str +2) [Xom's
                  | mischief]
  1329 | D:3      | Lost mutation: Your muscles are strong. (Str +2) [Xom's
                  | mischief]
  1346 | D:3      | Noticed Natasha
  1364 | D:3      | Killed Natasha
  1380 | D:3      | XOM: noise
  1419 | D:4      | Reached skill level 5 in Unarmed Combat
  1419 | D:4      | Reached XP level 6. HP: 33/38 MP: 8/8
  1472 | D:5      | Entered Level 5 of the Dungeon
  1627 | D:5      | Noticed a phantom
  1642 | D:5      | XOM: enchant monster (bad)
  1666 | D:5      | Killed a phantom
  1666 | D:5      | Reached ** piety under Cheibriados
  1740 | D:5      | Reached XP level 7. HP: 38/43 MP: 9/9
  1773 | D:5      | Noticed Grinder
  1780 | D:5      | Paralysed by Grinder for 4 turns
  1784 | D:5      | Killed Grinder
  1810 | D:5      | XOM: stat loss: -1 Str (14/15)
  1813 | D:5      | i just could die, grinder paralized me with +mr
  1919 | D:5      | Noticed Sigmund
  1930 | D:5      | Killed Sigmund
  1930 | D:5      | Reached skill level 1 in Shields
  1930 | D:5      | Reached XP level 8. HP: 49/49 MP: 10/10
  2086 | D:5      | XOM: give mutations
  2086 | D:5      | Gained mutation: You are partially covered in icy blue
                  | scales. (AC +2) [Xom's mischief]
  2086 | D:5      | Lost mutation: One of your tentacles bears a spike. [Xom's
                  | mischief]
  2155 | D:6      | XOM: noise
  2169 | D:6      | XOM: 3-stop teleportation journey
  2307 | D:6      | XOM: noise
  2309 | D:6      | Noticed Prince Ribbit
  2315 | D:6      | Killed Prince Ribbit
  2372 | D:6      | Reached *** piety under Cheibriados
  2401 | D:6      | Noticed Menkaure
  2422 | D:6      | Killed Menkaure
  2431 | D:6      | Reached XP level 9. HP: 43/58 MP: 11/11
  2473 | D:7      | XOM: 2-stop teleportation journey
  2487 | D:7      | Noticed Maggie
  2501 | D:7      | Killed Maggie
  2557 | D:7      | Found an opulent altar of Gozag.
  2576 | D:7      | Noticed Harold
  2592 | D:7      | Killed Harold
  2592 | D:7      | Reached skill level 5 in Fighting
  2592 | D:7      | Reached skill level 5 in Dodging
  2592 | D:7      | Reached skill level 5 in Shields
  2668 | D:7      | Found a transporter.
  2689 | D:7      | Found a transporter.
  2694 | D:7      | Noticed a deep elf mage
  2698 | D:7      | Found an opulent altar of Gozag.
  2775 | D:7      | Reached XP level 10. HP: 66/66 MP: 12/12
  2784 | D:7      | Found a sacrificial altar of Ru.
  2820 | D:7      | Found a staircase to the Ecumenical Temple.
  2849 | D:6      | Found a burning altar of Makhleb.
  2850 | D:6      | Found a shimmering blue altar of Sif Muna.
  2896 | D:8      | XOM: noise
  2947 | D:8      | Reached **** piety under Cheibriados
  2973 | D:8      | Found a staircase to the Lair.
  3098 | Lair:1   | Entered Level 1 of the Lair of Beasts
  3101 | Lair:1   | Noticed a spiny frog
  3104 | Lair:1   | Killed a spiny frog
  3104 | Lair:1   | Reached skill level 1 in Invocations
  3110 | Lair:1   | Reached skill level 10 in Unarmed Combat
  3120 | Lair:1   | XOM: 6-stop teleportation journey
  3189 | Lair:1   | statue form, lair 1, around 3k turns
  3196 | Lair:1   | Learned a level 6 spell: Statue Form
  3196 | Lair:1   | now get enough xp to learn it
  3278 | Lair:2   | Reached ***** piety under Cheibriados
  3282 | Lair:2   | Reached skill level 1 in Transmutations
  3282 | Lair:2   | Reached skill level 1 in Earth Magic
  3433 | Lair:2   | XOM: 7-stop teleportation journey
  3464 | Lair:1   | Noticed a spiny frog
  3469 | Lair:1   | Killed a spiny frog
  3469 | Lair:1   | Reached XP level 11. HP: 70/75 MP: 14/14
  3541 | Lair:2   | Found a staircase to the Shoals.
  3630 | Lair:3   | Reached skill level 5 in Invocations
  3637 | Lair:3   | XOM: give mutations
  3637 | Lair:3   | Gained mutation: You possess an exceptional clarity of
                  | mind. [Xom's mischief]
  3637 | Lair:3   | Lost mutation: You are dopey. (Int -2) [Xom's mischief]
  3756 | Lair:3   | Noticed a six-headed hydra
  3766 | Lair:3   | Killed a six-headed hydra
  3798 | Lair:3   | Reached skill level 5 in Transmutations
  3798 | Lair:3   | Reached skill level 5 in Earth Magic
  3818 | Lair:3   | Noticed a five-headed hydra
  3896 | Lair:3   | Reached XP level 12. HP: 55/81 MP: 17/17
  4123 | Lair:3   | Found a hole to the Spider Nest.
  4123 | Lair:3   | XOM: god gift: potion of curing
  4200 | Lair:5   | XOM: give mutations
  4200 | Lair:5   | Gained mutation: You are highly resistant to hostile
                  | enchantments. (MR++) [Xom's mischief]
  4200 | Lair:5   | Gained mutation: Your body sometimes deteriorates upon
                  | taking damage. [Xom's mischief]
  4200 | Lair:5   | Gained mutation: You are dopey. (Int -2) [Xom's mischief]
  4200 | Lair:5   | Gained mutation: Your muscles are strong. (Str +2) [Xom's
                  | mischief]
  4499 | Lair:4   | Noticed a four-headed hydra
  4565 | Lair:6   | Entered Level 6 of the Lair of Beasts
  4682 | Lair:6   | Noticed a five-headed hydra
  4690 | Lair:6   | Killed a five-headed hydra
  4690 | Lair:6   | Reached XP level 13. HP: 41/86 MP: 12/18
  4837 | Lair:6   | XOM: swap monsters
  4846 | Lair:6   | elephant
  4846 | Lair:6   | hit me every turn for 5 turns consecutively for 10-15 dmg.
                  | every turn.
  4885 | Lair:6   | Found a staircase to the Slime Pits.
  4885 | Lair:6   | Found a viscous altar of Jiyva.
  4956 | Lair:6   | Reached skill level 10 in Transmutations
  4956 | Lair:6   | Reached skill level 10 in Earth Magic
  5074 | Lair:6   | XOM: give mutations
  5074 | Lair:6   | Gained mutation: You are extremely resistant to the effects
                  | of hostile enchantments. (MR+++) [Xom's mischief]
  5074 | Lair:6   | Gained mutation: You are mostly covered in icy blue scales.
                  | (AC +3) [Xom's mischief]
  5074 | Lair:6   | Lost mutation: Your body sometimes deteriorates upon taking
                  | damage. [Xom's mischief]
  5074 | Lair:6   | Was forgiven by Xom
  5173 | Lair:3   | Learned a level 2 spell: Song of Slaying
  5198 | Spider:1 | Entered Level 1 of the Spider Nest
  5277 | Spider:3 | Reached XP level 14. HP: 92/92 MP: 6/19
  5301 | Spider:3 | Noticed an entropy weaver
  5311 | Spider:2 | Killed an entropy weaver
  5486 | Spider:3 | Found a runed translucent door.
  5518 | Spider:3 | Reached ****** piety under Cheibriados
  5545 | Spider:3 | Reached skill level 1 in Spellcasting
  5574 | Spider:3 | Noticed an entropy weaver
  5601 | Spider:4 | Entered Level 4 of the Spider Nest
  5749 | Spider:4 | Noticed an emperor scorpion
  5762 | Spider:4 | Killed an emperor scorpion
  5806 | Spider:4 | Learned a level 4 spell: Petrify
  5810 | Spider:4 | Learned a level 3 spell: Gell's Gravitas
  5858 | Spider:4 | Reached XP level 15. HP: 97/97 MP: 20/20
  5871 | Spider:4 | Noticed an emperor scorpion
  5878 | Spider:4 | Noticed an emperor scorpion
  5879 | Spider:4 | Noticed an emperor scorpion
  5881 | Spider:4 | Killed an emperor scorpion
  5893 | Spider:3 | Reached skill level 5 in Spellcasting
  5950 | Spider:4 | Noticed a ghost moth
  5950 | Spider:4 | Noticed an emperor scorpion
  5950 | Spider:4 | Noticed a ghost moth
  5950 | Spider:4 | Noticed an emperor scorpion
  5950 | Spider:4 | Noticed a ghost moth
  5955 | Spider:3 | Killed a ghost moth
  6114 | Spider:4 | Killed a ghost moth
  6130 | Spider:4 | Killed an emperor scorpion
  6135 | Spider:4 | Killed an emperor scorpion
  6142 | Spider:4 | Noticed an emperor scorpion
  6156 | Spider:4 | Killed an emperor scorpion
  6173 | Spider:4 | Killed an emperor scorpion
  6237 | Spider:4 | Got a gossamer rune of Zot
  6457 | Spider:1 | Noticed a ghost moth
  6466 | Spider:1 | Killed a ghost moth
  6475 | Spider:1 | Noticed Rupert
  6531 | Spider:1 | Killed Rupert
  6679 | Shoals:1 | Entered Level 1 of the Shoals
  6687 | Shoals:1 | Reached XP level 16. HP: 108/108 MP: 27/27
  6723 | Shoals:2 | Reached skill level 1 in Translocations
  6926 | Shoals:4 | Entered Level 4 of the Shoals
  6963 | Shoals:4 | Reached skill level 10 in Dodging
  6967 | Shoals:4 | Found a flickering gateway to a bazaar.
  7095 | Bazaar   | Entered a bazaar
  7095 | Bazaar   | Found Foteuqoa's Antique Weapon Emporium.
  7096 | Bazaar   | i somehow managed to survive the abyss of 4shoals. lol.
  7098 | Bazaar   | Found Aroukk's Armour Shop.
  7101 | Bazaar   | and got into bazaar. lets see whats here
  7113 | Bazaar   | Found Ugyv Qir's Antique Armour Boutique.
  7116 | Bazaar   | Found Alostri's Book Boutique.
  7120 | Bazaar   | Found Caisosiu's Antique Weapon Emporium.
  7152 | Bazaar   | Bought a tower shield for 117 gold pieces
  7166 | Bazaar   | Bought a +0 buckler of fire resistance for 115 gold pieces
  7209 | Bazaar   | ok i see potential for 25k win here. still no resist rings,
                  | but im gonna get ther
  7212 | Bazaar   | Bought a book of Cantrips for 300 gold pieces
  7214 | Bazaar   | Learned a level 1 spell: Apportation
  7223 | Bazaar   | Bought a transparent trident for 289 gold pieces
  7223 | Bazaar   | Identified the +8 trident "Yneas" {drain, Dex+4} (You
                  | bought it in a shop in a bazaar)
  7260 | Shoals:4 | Identified the +5 mace of Destiny {venom, MR+++ Str+4
                  | Dex-4}
  7267 | Shoals:4 | Got a barnacled rune of Zot
  7271 | Shoals:4 | ok, i entered exactly on rune spawn, thats why i nearly
                  | died. lol.
  7439 | Shoals:4 | Identified the +8 glaive of Evisceration {vorpal, rPois MR-
                  | MP+9 Dex+4}
  7487 | Shoals:4 | Identified the Catalogue of Calling
  7612 | Shoals:3 | Noticed Donald
  7620 | Shoals:3 | Killed Donald
  7716 | Lair:2   | 7700 2 runes... whats next... no rcorr so no slime
  7716 | Lair:2   | orcs and vaults and then lets see, crypt probably
  7958 | D:9      | Identified 2 scrolls of acquirement
  7962 | D:9      | Got the ring "Suoluew" {rElec rPois rN++ Str-4 Int+6}
  7962 | D:9      | Got the ring of Eternity {MR+ Str-2 Int+4 Dex+4}
  7970 | D:9      | Learned a level 5 spell: Irradiate
  7980 | D:9      | Learned a level 9 spell: Dragon's Call
  7992 | D:9      | Found a staircase to the Orcish Mines.
  8011 | Orc:1    | Entered Level 1 of the Orcish Mines
  8011 | Orc:1    | Noticed Sonja
  8015 | Orc:1    | Killed Sonja
  8047 | Orc:2    | Entered Level 2 of the Orcish Mines
  8060 | Orc:2    | Reached skill level 1 in Summonings
  8105 | Orc:2    | Found a staircase to the Elven Halls.
  8281 | Orc:1    | Noticed Josephine
  8286 | Orc:1    | Reached skill level 10 in Fighting
  8291 | Orc:1    | Killed Josephine
  8379 | Orc:2    | Found Rachech's Antique Weapon Boutique.
  8390 | Orc:2    | Reached XP level 17. HP: 115/115 MP: 21/29
  8465 | Orc:2    | Found Fexushron's Jewellery Shoppe.
  8473 | Orc:2    | ill need to go to elves....
  8473 | Orc:2    | no resists whatsoever
  8473 | Orc:2    | i have 1rc 1rf
  8496 | Orc:2    | Found a roughly hewn altar of Beogh.
  8565 | Orc:2    | Found Rausaf's General Store.
  8629 | Orc:2    | Found Pesery's Antique Armour Shoppe.
  8746 | Elf:1    | Entered Level 1 of the Elven Halls
  8747 | Elf:1    | Found Erovodyd's Antique Weapon Boutique.
  8805 | Elf:1    | You fall into a shaft and drop 1 floor!
  8810 | Elf:2    | Reached skill level 5 in Summonings
  8870 | Elf:2    | Found a runed translucent gate.
  8870 | Elf:2    | Found a runed translucent gate.
  8870 | Elf:2    | Found a runed translucent gate.
  8943 | Elf:3    | Entered Level 3 of the Elven Halls
  9016 | Elf:3    | Noticed Mara
  9022 | Elf:3    | Noticed Maedhros's illusion
  9036 | Elf:3    | Noticed Maedhros's illusion
  9038 | Elf:3    | Killed Mara
  9538 | Elf:3    | Noticed a deep elf blademaster
  9540 | Elf:3    | Reached XP level 18. HP: 124/124 MP: 30/30
  9544 | Elf:3    | Killed a deep elf blademaster
  9548 | Elf:3    | Killed a ghostly deep elf blademaster
  9553 | Elf:3    | Noticed a Tzitzimitl
  9574 | Elf:3    | elves 3 hard.
  9639 | Elf:3    | Got the ring of Cireq {Wiz MR+}
  9652 | Elf:3    | Identified the +1 robe of Boiling Hail {+Blink rElec rCorr
                  | Str-5}
  9669 | Elf:3    | Noticed a Tzitzimitl
  9683 | Elf:3    | Identified the amulet "Filid" {RegenMP Dex+4 Slay+3}
  9718 | Elf:3    | Found the +8 longbow "Zephyr" {speed, Dex+3 SInv}
  9719 | Elf:3    | Identified the Tome of Venom and Air
  9746 | Elf:3    | Identified the Catalogue of Flying Earth
  9759 | Elf:3    | 10000 i finished elves and got nothing worth time
                  | investment... only xp and some items
  9759 | Elf:3    | hopefully in vaults it will be better, in crypt
  9871 | Elf:2    | Reached skill level 10 in Invocations
 10029 | D:10     | Entered Level 10 of the Dungeon
 10157 | D:10     | Identified the +0 morningstar "Newtbane" {holy, Dex+4}
 10180 | D:10     | Identified the Collected Works on Creative Orientation
 10189 | D:10     | Learned a level 3 spell: Lesser Beckoning
 10193 | D:10     | Learned a level 3 spell: Portal Projectile
 10456 | D:13     | Found a gate to the Vaults.
 10464 | D:13     | Reached skill level 1 in Throwing
 10502 | Vaults:1 | Entered Level 1 of the Vaults
 10530 | Vaults:1 | 10500 entered vaults
 10747 | Vaults:3 | Reached XP level 19. HP: 130/130 MP: 31/31
 10888 | Vaults:3 | Found a staircase to the Crypt.
 10898 | Crypt:1  | Entered Level 1 of the Crypt
 10915 | Crypt:2  | Got a sparkling brass ring
 10916 | Crypt:2  | Identified the ring of the Rabble {rElec MP+9 Str-3 Int+2
                  | Dex+6} (You found it on level 2 of the Crypt)
 10922 | Crypt:2  | You fall into a shaft and drop 1 floor!
 10922 | Crypt:3  | Entered Level 3 of the Crypt
 10957 | Crypt:3  | Noticed a bone dragon
 10957 | Crypt:3  | Noticed a curse toe
 10970 | Crypt:3  | Killed a bone dragon
 10983 | Crypt:3  | Killed a curse toe
 11006 | Crypt:3  | Noticed a lich
 11006 | Crypt:3  | Noticed a lich
 11015 | Crypt:3  | Killed a lich
 11031 | Crypt:3  | Reached skill level 10 in Summonings
 11040 | Crypt:3  | Reached skill level 5 in Throwing
 11107 | Crypt:3  | Found a staircase to the Tomb.
 11127 | Crypt:3  | Found a basalt altar of Yredelemnul.
 11233 | Crypt:2  | Noticed Mennas
 11249 | Crypt:2  | HP: 7/170 [phantasmal warrior (15)]
 11250 | Crypt:2  | Mangled by a death knight

Illustrated notes #+# #.# ###.### #..@..# ###.### ... ##### Turn 0 on D:1: playing turncount speedruns is pure pai ##.....###########..... #........†..........### ##...[.###########..# ####...## #..# #.......# #..# #.##..#.# #..### #. #..#.# #....# ##.##.##..#.# ##.#.# ..........#@# #.#.# ..........#.############.... .#<#####..#............).... #..########..######.# #..########..# #.# #............# #.# ##.#########.# #.# ...# #.# #.# ##### #.# #.# Turn 680 on D:2: yay, 730 and chei with regen amulet! ############ ########......@...# ..........#######.# ########>.# #..# #.... #### #.#### .# ..# #.# #### .## #.# #.# #.. .. ##.## #.# #.# .# Turn 708 on D:1: and buckler ##### ##...## ##### ##.5@l5# ....# ##..+$.5.# ###.# ##..#+#....... #.# ##..## #...... ###.######..## #....# ...........## #...# ###.#####.## #... # #.## #.# .## ..[....##.+ Turn 736 on D:1: and 3 deadly small demons from xom x #....## ##.....## #.......### #.........# #...$...#.# #.....##.# #...# #.# #@# #.# ### #.####.###.## #.......#...## ######.......####. #............ #............ ##......>#### ##.....## ##...## Turn 985 on D:1: spike tentacle mut, nice .....# ##................## ......## #..............### .......# ##............## .......## #...........## ........# ##..........# ....>...## #..........# .........####........## ...........###.......# .........#....[.@.#### .........#####..### ........## #..# .#....### ##..# .##.### ######..# .#### ###...###.. .# ###......###.# .## ##.........##.. ..###...........##.## Turn 1813 on D:5: i just could die, grinder paralized me with +mr ####.##.#.# .........## .#.......#### ..^......... .# .......... .. .......## #. #......P# #. #@..# #. ##.## .# #. #P..#..## #######. ##.###.. #....... #...##.. ##.####. #P.###.# #..####. #..# #.#####...... #..###.#.##P..###. #.#......(......... Turn 3189 on Lair:1: statue form, lair 1, around 3k turns ####.##.#.# .........## .#.......#### ..^......... .# .......... .. .......## #. #......P# #. #@..# #. ##.## .# #. #P..#..## #######. ##.###.. #....... #...##.. ##.####. #P.###.# #..####. #..# #.#####...... #..###.#.##P..###. #.#......(......... Turn 3196 on Lair:1: now get enough xp to learn it #....%.#†.....#.... .P(...P#..........## ......##....†....## ..#... ##......#..# .. #... #P....###..# #.##.(. ##...## ..## ##.....##...####...## ....P..P....##......# .......P......Y@...# ...................# ..................## .##................# #................## #......#(#P........ #.......#...###..### ......##..#.# .=# #..... .... Turn 4846 on Lair:6: elephant ## ... .... ..... #....### #∩....8# ###.....# #........# #....#....# .....###...# ..... .... ...# #...# ... ...# Turn 7096 on Bazaar: i somehow managed to survive the abyss of 4shoals. lol. ##### ###...## ##......## #∩.......## #....### #@....∩# ###.....# #........# #....#....# .....###...# #.....# ....# ....### #...# .... ...# Turn 7101 on Bazaar: and got into bazaar. lets see whats here ##......## #∩.......## #....#....### ##.###∩....∩## ### ###.....## #........## ###....#....# #.....###...## ##.....# #.@..# #....######...# #.......##....# ####∩....#..∩.## ###..##...##...## #.....#####....# #∩.....#......# ###....#....### #........## Turn 7209 on Bazaar: ok i see potential for 25k win here. still no resist rings, but im gonna get ther

,***,,,,≈≈≈≈≈..≈PP..P).#°°....°#.
,,,,,,,,≈≈≈≈≈≈≈P≈≈≈.([(#.°....°#.
,,*,,,,,.≈≈≈≈≈≈PP≈≈≈P((#..°....#≈
,,*,,,...≈≈≈≈≈≈)≈P≈P.)...........
,,,,,,....≈≈≈≈≈P≈P.).............
,,,,,,....≈..#.P≈([(.............
,^,,,,...P##.≈#..[[....).........
,,,,,,...P....###[...............
,,,,,,..........8PP..............
≈≈≈,,,....P......................
≈≈≈≈≈≈≈≈#P.......P#............##
≈≈≈≈≈≈≈≈.PP.....P............≈#≈≈
≈≈≈≈≈≈≈≈PPP..............≈≈≈....P
≈≈≈≈≈≈≈≈≈.###≈≈..P......≈≈≈≈..PP)
≈≈≈≈≈≈≈≈≈≈≈≈#≈.##P....≈≈≈≈≈≈...()
≈≈≈≈≈≈≈≈≈≈≈PP#.....≈≈≈≈≈≈≈≈....P#
≈≈≈≈≈≈≈≈≈≈≈≈≈≈≈≈≈≈≈≈≈≈≈≈≈≈≈...[..


Turn 7271 on Shoals:4: ok, i entered exactly on rune spawn, thats why i nearly
died. lol. .......#..#................## .#..[..#........#####.......#
..##.........#######.......## ..........####≈≈≈≈≈###'....#
..........#≈≈≈#≈≈≈#≈≈≈#.#..# ..P.P#.#..#≈≈≈#≈)≈#≈≈≈#.....#
..........#≈≈≈#####≈≈≈#.#..## ..........####'≈≈≈#####.%..# .##.........#≈≈≈@≈≈≈#
.# ..# # #P......#####≈≈≈'####.. .## #....##.#≈≈≈#####≈≈≈#.#
##.####.#≈)≈#≈)≈#≈≈≈# #. #P.#≈≈≈#≈≈≈#≈≈≈# .. ##.'###≈≈≈≈≈#### # #....#######
#.#...# ........ Turn 7716 on Lair:2: 7700 2 runes... whats next... no rcorr so
no slime .....)........).#........# .............)#)........##
..........<..#..........# ................P.......# ...............P.....#...#
.....................##.#.# ...........P..8...PP..##...
.............P.........##.. ................8........ .
....(..................... ....#..................... .<...........P.P...P.....
....................P#.. #(...................... .(...................#.#
.......#................ (#.##.## Turn 8473 on Orc:2: ill need to go to
elves.... #.) #.# #.).. #.)### #.## #.#.. #).#.# #..## #.#.. #.)#.## #...# #.###
#.)).)####### #..## #.# #.))...)....# #..######.# #%).)§##.#### #.........#
#...)###.######.######### #....# #..8.....# ###### ########.# #.# ##########.#
### #........#.# ##8### ####.######.#.# ##....# #....######.#.#####.....#
###...............#8......# #........#.##....##.....#.# Turn 9574 on Elf:3:
elves 3 hard. ################### ##..(.|(##)).....||##
#...}.)=.##.=....).)########### #..|..##'###....([.(##........#
#:..)##....##.....[.##.######.# #..}##...⌠..':@..)..##.....##.#
#..##.......###)}...##..##.##.# #/##.......## #}.[)##...#.....
###.......##...##).)##..#####.. ##.......##.....##.[##.........
##...#...##...#...##.##.#####... #...###[.....###... ###.# #...
##...#........#...# #'## ##.. ##..............# #..## ##. Turn 9759 on Elf:3:
10000 i finished elves and got nothing worth time investment... only xp and some
items ######### #...)∩..# #.##.##.# ##+########.##)##.# ..........#...)...+
..........#.##.##.# .......8..'.##.##.# ..........#.......# ..........#########
..........# ########### Turn 10530 on Vaults:1: 10500 entered vaults

Levels and vault maps discovered:
D:1:      shiori_shiawase, layout_loops_ring, grunt_decor_arrowhead
D:2:      layout_loops_ring, lemuel_round_altar, old_standard_altar,
          lemuel_doored_altar, chequers_ecumenical_altar_simple
D:3:      layout_basic, nicolae_ru_great_annihilating_truth, uniq_ijyb,
          uniq_natasha
D:4:      layout_rooms, chequers_temple_overflow_statue_of_worship,
          first_ration, chequers_serial_rivers_micro_a, tso_altar
D:5:      layout_cave_pods, kennysheep_dice, uniq_grinder, uniq_sigmund
D:6:      layout_cave_pods, zin_scriptorium, gammafunk_temple_overflow_pools,
          basic_altar, minivault_14, uniq_menkaure, uniq_prince_ribbit1
D:7:      layout_loops_cross, gammafunk_temple_overflow_arena,
          minmay_temple_entry_proselytizer, basic_altar,
          nicolae_gozag_seed_capital, uniq_maggie, uniq_harold
D:8:      layout_loops_ring, lemuel_crystal_altar, due_lair_maze_entry_diamond,
          serial_shops, kennysheep_mini, uniq_maurice
D:9:      layout_roguey, erik_orc_2, ashenzari_altar_1, uniq_erolcha, uniq_grum
D:10:     minmay_the_grid_triangle_9x9_recursive_2
          [minmay_the_grid_triangle_9x9_prize_center,
          minmay_the_grid_triangle_9x9_empty,
          minmay_the_grid_triangle_9x9_alien,
          minmay_the_grid_triangle_9x9_empty], layout_long_grid
D:11:     layout_irregular_city, hangedman_pestilent_swarm
D:12:     layout_basic, biasface_ghost_orc_armoury, uniq_jorgrun
D:13:     layout_stronghold, erik_vaults_2
Lair:1:   layout_loops_ring, uniq_gastronok
Lair:2:   layout_chaotic_city, elwin_shoals_entry_rooms, serial_bayou_shore_b
Lair:3:   layout_layer_cave, nicolae_spider_entry_orb_guardian,
          bobbens_dragon_lair_wall
Lair:4:   onia_ninara_swampy_vault, layout_cellular_growth
Lair:5:   layout_concentric_octagons, chequers_serial_rivers_micro_a
Lair:6:   grunt_lair_end_beastmaster, layout_regular_city, slime_altar_1,
          serial_bayou_lagoon_a
Shoals:1: layout_shoals, uniq_aizul
Shoals:2: layout_shoals
Shoals:3: layout_shoals, st_shoals_ruin, uniq_donald
Shoals:4: shoals_end_grunt_garden, layout_shoals, serial_shops, bzr_firewalk,
          nicolae_shoals_loop_pool
Spider:1: layout_spider_delve, uniq_rupert
Spider:2: layout_spider_delve, uniq_arachne, uniq_agnes
Spider:3: cheibrodos_spider_deadly_dance
Spider:4: grunt_spider_rune_circles, nicolae_spider_cling_ruins
Orc:1:    layout_diamond_mine, uniq_sonja, uniq_josephine
Orc:2:    grunt_orc_gardens, layout_caves, grunt_orc_garden, grunt_orc_garden,
          grunt_orc_garden, grunt_orc_garden, basic_altar, nicolae_orc_lava_room
Elf:1:    layout_rooms, serial_shops, shop, hangedman_elf_disciples
Elf:2:    layout_geoelf_grid, special_room [special_room_orc]
Elf:3:    minmay_elf_hall_x, layout_loops_corners, chequers_hall_statues_y,
          hangedman_elven_ridges, uniq_mara
Vaults:1: ontoclasm_vaults_bender, v_misc_2, st_more_cells, vaults_room_fours,
          hangedman_vaults_cutoff, nicolae_vaults_three_branches,
          vaults_room_pools, hangedman_vaults_slither, ontoclasm_vaults_spin,
          layout_vaults_maze_bifur
Vaults:2: hangedman_vaults_unwind, hangedman_vaults_stitches,
          nicolae_vaults_hallways_thing, v_pattern_5,
          nicolae_vaults_network_quinsquares
          [nicolae_vaults_network_quincunx_subvault,
          nicolae_vaults_network_quincunx_subvault,
          nicolae_vaults_network_quincunx_subvault,
          nicolae_vaults_network_quincunx_subvault],
          hangedman_vaults_restitches, dpeg_vaults_pockets_of_resistance,
          hangedman_vaults_maws, ontoclasm_vaults_gateway,
          nicolae_vaults_asterisk, ontoclasm_vaults_fault, layout_vaults_ring
Vaults:3: blue_anna_dwarven_crypt, hangedman_vaults_capsules, vaults_dpeg_hooks,
          hangedman_vaults_trim, nicolae_vaults_little_squares_6,
          layout_vaults_chaotic_city, serial_shops, shop, uniq_boris
Crypt:1:  layout_basic, gammafunk_ghost_spectres, hex_intersection,
          grunt_megastairs_4, uniq_xtahua
Crypt:2:  layout_rooms, tombwall_bobbens, uniq_mennas
Crypt:3:  david_glass_crypt, layout_gridlike,
          nicolae_tomb_entry_unfolded_pyramid_orthogonal, basic_altar,
          lemuel_statue_altar

Skill      XL: |  1  2  3  4  5  6  7  8  9 10 11 12 13 14 15 16 17 18 19 |
---------------+----------------------------------------------------------+-----
Stealth        | 3 4 |  4.0
Unarmed Combat | 1 2 3 5 6 7 8 9 10 11 12 13 | 13.6
Shields        | 1 3 5 6 8 9 |  9.8
Fighting       | 3 5 7 9 10 11 12 | 12.0
Dodging        | 4 5 7 8 9 10 11 12 | 12.5
Invocations    | 4 7 8 10 11 | 11.7
Transmutations | 2 5 9 11 13 | 13.1
Earth Magic    | 2 5 9 11 13 | 13.1
Spellcasting   | 3 7 8 |  8.5
Translocations | 4 |  4.0
Summonings     | 3 7 9 10 | 10.3
Throwing       | 2 5 |  5.4
Short Blades   | |  1.0
Evocations     | |  3.2

Action                   |  1- 3 |  4- 6 |  7- 9 | 10-12 | 13-15 | 16-18 | 19-21 || total
-------------------------+-------+-------+-------+-------+-------+-------+-------++-------
Melee: Short sword       |    24 |       |       |       |       |       |       ||    24
       Tentacles         |     4 |    24 |    39 |   126 |   160 |   223 |    65 ||   641
       Constrict         |     5 |    30 |    33 |    48 |    89 |   160 |    29 ||   394
       Quarterstaff      |     2 |     1 |       |       |       |       |       ||     3
       Unarmed           |       |   131 |   122 |   317 |   414 |   653 |   154 ||  1791
       Kick              |       |    21 |    16 |       |       |       |       ||    37
       Punch             |       |    10 |    11 |    57 |    69 |   102 |    34 ||   283
Throw: Dart              |     5 |     5 |       |     2 |     6 |       |       ||    18
 Cast: Statue Form       |       |       |       |       |    34 |    59 |     8 ||   101
       Song of Slaying   |       |       |       |       |     2 |       |     1 ||     3
       Petrify           |       |       |       |       |     4 |     5 |       ||     9
       Apportation       |       |       |       |       |       |    77 |    10 ||    87
       Gell's Gravitas   |       |       |       |       |       |     7 |       ||     7
Invok: Slouch            |       |       |       |     4 |    16 |    23 |     8 ||    51
 Abil: Evoke Flight      |       |       |       |       |       |     3 |       ||     3
Evoke: Wand              |     6 |    16 |    17 |    40 |    29 |    14 |     1 ||   123
  Use: Scroll            |     3 |     5 |       |    15 |     5 |    20 |     1 ||    49
       Potion            |       |       |     1 |     1 |     5 |     3 |     4 ||    14
 Stab: Sleeping          |     1 |    14 |    10 |    16 |     2 |    18 |     2 ||    63
       Paralysed         |       |     1 |       |     9 |     3 |     2 |       ||    15
       Distracted        |       |       |       |     4 |     1 |     1 |       ||     6
       Petrified         |       |       |       |       |     7 |     8 |       ||    15
  Eat: Chunk             |       |     2 |     1 |     5 |    15 |    20 |       ||    43
       Ration            |       |       |       |       |     3 |     4 |     1 ||     8
Armor: Skin              |     1 |     9 |     4 |     8 |   306 |   257 |    63 ||   648
Dodge: Dodged            |    28 |    64 |    57 |   159 |   628 |   814 |   215 ||  1965
Block: Buckler           |       |    12 |    14 |    89 |   313 |   278 |       ||   706
       Kite shield       |       |       |       |       |       |   348 |   253 ||   601
       Reflection        |       |       |       |       |       |    49 |     5 ||    54

Table legend:
 A = Non-vault XP
 B = Vault XP
 C = Vault XP percentage of total XP
 D = Non-vault monster count
 E = Vault monster count
 F = Vault count percentage of total count
                 A         B        C        D         E       F
            +---------+---------+-------+---------+---------+-------
      Total |  183405 |  195223 |  51.6 |     623 |     321 |  34.0
            +---------+---------+-------+---------+---------+-------
        D:1 |      28 |       0 |   0.0 |      15 |       0 |   0.0
        D:2 |      51 |       0 |   0.0 |      24 |       0 |   0.0
        D:3 |       6 |      83 |  93.3 |       4 |       5 |  55.6
        D:4 |     177 |       0 |   0.0 |      12 |       0 |   0.0
        D:5 |     537 |     482 |  47.3 |      18 |       2 |  10.0
        D:6 |     668 |     463 |  40.9 |      18 |       2 |  10.0
        D:7 |     824 |    1503 |  64.6 |      19 |       3 |  13.6
        D:8 |     464 |     926 |  66.6 |      10 |       9 |  47.4
        D:9 |     238 |     694 |  74.5 |       6 |      18 |  75.0
       D:10 |     190 |    2687 |  93.4 |       3 |      10 |  76.9
       D:11 |     317 |       0 |   0.0 |       6 |       0 |   0.0
       D:12 |     415 |       0 |   0.0 |       1 |       0 |   0.0
       D:13 |    2477 |    8049 |  76.5 |       9 |       8 |  47.1
     Lair:1 |    1513 |       0 |   0.0 |       7 |       0 |   0.0
     Lair:2 |    1892 |    1182 |  38.5 |       9 |       3 |  25.0
     Lair:3 |    7325 |    5048 |  40.8 |      27 |      19 |  41.3
     Lair:4 |     214 |       0 |   0.0 |       1 |       0 |   0.0
     Lair:5 |    6876 |       0 |   0.0 |      33 |       0 |   0.0
     Lair:6 |    7249 |    7374 |  50.4 |      20 |      17 |  45.9
   Shoals:1 |    2900 |       0 |   0.0 |       6 |       0 |   0.0
   Shoals:2 |    2910 |       0 |   0.0 |       8 |       0 |   0.0
   Shoals:3 |    1319 |    1801 |  57.7 |       3 |       1 |  25.0
   Shoals:4 |   11072 |   18725 |  62.8 |      26 |      28 |  51.9
   Spider:1 |   15243 |    3061 |  16.7 |      41 |       1 |   2.4
   Spider:2 |    5050 |       0 |   0.0 |      13 |       0 |   0.0
   Spider:3 |   17197 |   10234 |  37.3 |      44 |      19 |  30.2
   Spider:4 |   13401 |   19424 |  59.2 |      38 |      34 |  47.2
      Orc:1 |    2114 |    2746 |  56.5 |      30 |       6 |  16.7
      Orc:2 |    8182 |   12041 |  59.5 |      55 |      27 |  32.9
      Elf:1 |    7020 |       0 |   0.0 |      10 |       0 |   0.0
      Elf:2 |    5709 |   26687 |  82.4 |       9 |      46 |  83.6
      Elf:3 |   15290 |   42572 |  73.6 |      27 |      28 |  50.9
   Vaults:1 |       0 |    3956 | 100.0 |       0 |       8 | 100.0
   Vaults:3 |   13683 |    2054 |  13.1 |      27 |       3 |  10.0
    Crypt:2 |    6396 |       0 |   0.0 |      13 |       0 |   0.0
    Crypt:3 |   24458 |   23431 |  48.9 |      31 |      24 |  43.6
            +---------+---------+-------+---------+---------+-------
